AoeStats
← Kez

Arena

506607320Analyzed
1v1 RM · 18d ago on Sep 14, 2026· 40m 37s· 2 players
Game mode
Random Map
Map size
Tiny (2 player)
Population
200
Speed
Normal
Resources
Standard
Victory
Conquest
Starting age
Dark Age
Ending age
Imperial Age
RankedLock teamsTeams togetherTeam positionsShared explorationLock speedFull tech treeHidden civsTurbo modeCheats
Victory
Defeat
🇨🇳 Britons · China
1274
+16
🇳🇱 Poles · Netherlands
1267
-16
Kez
10:08 Feudal Age
14:23 Castle Age
12:42 Double-Bit Axe
15:39 Light Cavalry
22:36 Bow Saw
22:27 Loom
23:00 Husbandry
24:07 Horse Collar
25:12 Gold Mining
25:37 Stone Mining
30:25 Imperial Age
28:43 Bloodlines
28:42 Fletching
28:59 Scale Barding Armor
30:32 Wheelbarrow
30:27 Heavy Plow
31:23 Chain Barding Armor
31:17 Cavalier
31:50 Elite Skirmisher
33:07 Ballistics
33:16 Szlachta Privileges
34:08 Forging
34:35 Hand Cart
34:05 Town Watch
35:15 Stone Shaft Mining
37:19 Iron Casting
36:40 Bodkin Arrow
37:20 Padded Archer Armor
38:22 Chemistry
37:33 Masonry
37:59 Thumb Ring
39:54 Conscription
Super_TONY
10:02 Feudal Age
13:49 Castle Age
12:08 Double-Bit Axe
14:49 Bow Saw
16:22 Fletching
21:11 Bodkin Arrow
24:50 Gold Mining
26:13 Wheelbarrow
30:01 Imperial Age
27:55 Padded Archer Armor
28:07 Horse Collar
29:18 Ballistics
29:16 Leather Archer Armor
30:21 Hand Cart
30:32 Stone Mining
31:17 Gold Shaft Mining
31:29 Gold Shaft Mining
32:11 Chemistry
31:07 Elite Longbowman
32:44 Bracer
33:57 Ring Archer Armor
34:49 Guilds
35:56 Conscription
35:42 Murder Holes
37:52 Yeomen
38:21 Warwolf
38:38 Town Watch
38:39 Loom
39:54 Siege Engineers
40:33 Masonry
Connection lost

Rejoining the realm…

Still unreachable

The connection could not be restored.

Session expired

The server has moved on; the page needs a fresh start.